 Adventure DCSS version bcrawl-1.18.1 (webtiles) character file.

Game seed: 15404105959486874670

1978 Leeroy the Carver (level 9, -7/50 HPs)
             Began as a Skeleton Reaver on Nov 11, 2019.
             Was a Priest of Vehumet.
             Mangled by a yaktaur (14 damage)
             ... on level 9 of the Dungeon.
             The game lasted 00:28:59 (10789 turns).

Leeroy the Carver (Skeleton Reaver)                Turns: 10789, Time: 00:28:59

Health: -7/50      AC:  9    Str: 16 (18) XL:     9   Next: 1%
Magic:  0/13       EV: 15    Int: 11 (13) God:    Vehumet [***...]
Gold:   460        SH:  2    Dex:  9 (10) Spells: 5/14 levels left
                                        Lives:  0   Deaths: 2

rFire    . . .     SeeInvis +   a - +1 long sword
rCold    + . .     Gourm    .   (no shield)
rNeg     + + +     Faith    .   b - +1 steam dragon scales
rPois    ∞         Spirit   +   (no helmet)
rElec    .         Reflect  .   d - scarf {repulsion}
rCorr    .         Harm     .   (no gloves)
MR       +....                  w - +1 pair of boots
Stlth    +.........             (no amulet)
HPRegen  0.16/turn              g - ring of see invisible
MPRegen  0.13/turn              (no ring)

@: repel missiles
A: no food or potions, cold resistance 1, deterioration 1, negative energy
resistance 3, powered by death 1, torment resistance, unbreathing, magic shield,
sturdy frame 1, spell healing
a: Renounce Religion


You were on level 9 of the Dungeon.
You worshipped Vehumet.
Vehumet was most pleased with you.
You were not hungry.

You visited 2 branches of the dungeon, and saw 10 of its levels.

You collected 460 gold pieces.

Inventory:

Hand Weapons
 a - a +1 long sword (weapon)
 f - a +0 hunting sling of velocity
 h - a +2 shortbow of flaming
 o - a +0 trident
 t - a +2 short sword of holy wrath
 z - a +2 flail of protection
 B - a +1 halberd of flaming
 C - a +0 rapier
 I - a +2 mace of protection
 J - a +0 blowgun
Missiles
 i - 787 sling bullets
 l - 2286 stones (quivered)
 s - 148 tomahawks
 v - 309 bolts
 x - 1141 arrows
 E - 188 poisoned needles
Armour
 b - +1 steam dragon scales (worn)
 d - a scarf of repulsion (worn)
 j - a +0 cloak
 q - a +0 chain mail of poison resistance
 r - a +0 pair of boots
 w - a +1 pair of boots (worn)
Jewellery
 g - a ring of see invisible (left hand)
 p - a cursed -3 ring of evasion {unknown}
 u - an uncursed ring of see invisible
 y - a cursed ring of attention {unknown}
Wands
 G - a wand of paralysis (10)
Scrolls
 c - 3 scrolls of immolation
 e - 5 scrolls of remove curse
 k - 2 scrolls of identify
 m - 3 scrolls of fog
 n - a scroll of enchant weapon
 A - 4 scrolls of magic mapping
Potions
 D - a potion of resistance {unknown}


   Skills:
 - Level 3.0 Fighting
 - Level 10.2 Long Blades
 - Level 1.2 Slings
 + Level 5.7 Armour
 - Level 7.1 Dodging
 - Level 3.0 Spellcasting
 - Level 3.2 Conjurations
 - Level 5.4 Charms
 - Level 1.1 Ice Magic
 - Level 1.0 Evocations


You had 5 spell levels left.
You knew the following spells:

 Your Spells              Type           Power        Failure   Level  Hunger
a - Sting                 Conj/Pois      #...         4%          1    N/A
b - Throw Frost           Conj/Ice       #.....       4%          2    N/A
c - Ozocubu's Armour      Chrm/Ice       #.......     21%         3    N/A
d - Flame Tongue          Conj/Fire      #....        4%          1    N/A
e - Searing Ray           Conj           #.....       3%          2    N/A

Your spell library contained the following spells:

 Spells                   Type           Power        Failure   Level  Hunger
 Ignite Poison            Fire/Tmut/Pois #.......     21%         3    N/A
 Freeze                   Ice            #.....       4%          1    N/A
 Throw Icicle             Conj/Ice       #.......     26%         4    N/A
 Iskenderun's Battlesphe  Conj/Chrm      ##......     30%         5    N/A
 Summon Ice Beast         Ice/Summ       #.......     91%         4    N/A

Dungeon Overview and Level Annotations

Branches:
Dungeon (9/12)             Temple (1/1) D:6
   Lair: D:7-9          Orc: D:8-11

Altars:
Hepliaklqana
Okawaru
Uskayaw
Vehumet
Yredelemnul

Shops:
D:6 }

Annotations:
D:4 Eustachio
D:9 1 transporter


Innate Abilities, Weirdness & Mutations

You do not eat or drink.
You are immune to poison.
Your flesh is cold resistant. (rC+)
Your body sometimes deteriorates upon taking damage.
You are immune to negative energy. (rN+++)
You regenerate a little health from kills.
You are immune to unholy pain and torment.
You can survive without breathing.
When hurt, damage is shared between your health and your magic reserves.
Your movements are slightly less encumbered by armour. (ER -2)
Casting spells heals you.


Message History

* * * LOW HITPOINT WARNING * * *
Casting: Sting (safe; 4% risk of failure)
Confirm with . or Enter, or press ? or * to list all spells.
A cloud of ice covers your body!
Casting: Ozocubu's Armour (safe; 21% risk of failure)
Confirm with . or Enter, or press ? or * to list all spells.
Aiming: Sting (safe; 4% risk of failure)
Press: ? - help, Shift-Dir - straight line, f/p - yaktaur
Aim: a yaktaur, wielding a +0 arbalest (lightly wounded, poisoned)
The sting misses the yaktaur.
Your icy armour evaporates.
You hit the yaktaur.
The yaktaur is moderately wounded.
The yaktaur unwields a +0 arbalest.
The yaktaur hits you!
* * * LOW HITPOINT WARNING * * *
Your body deteriorates!
You feel weakened.
You hit the yaktaur.
The yaktaur is moderately wounded.
The yaktaur looks more healthy.
The yaktaur hits you!
You die...

..................#
###.###...........#
..#.# #...........#
..#.# #...######..#
..#.# #...# #..#
..+?......# #..#
..#.......# #..#
..#.......# #..#
..#....... #@.#
..#########....c..#
.....!...##....#..#
.........##....#..#
.........##... #..#
.........##... #..#
..##.....##.. #..#
..##.....##.. #..#
..^......# #..#


You could see a yaktaur.

Vanquished Creatures
  2 hippogriffs
  Sigmund (D:3)
  A wyvern (D:8)
  A hungry ghost (D:8)
  2 sky beasts
  A necrophage (D:9)
  3 ogres
  4 centaurs
  A big kobold (D:9)
  4 bullfrogs
  A scorpion (D:3)
  A bullfrog zombie (D:5)
  A centaur zombie (D:9)
  A crimson imp (D:6)
  5 hounds
  A jelly (D:9)
  5 orc priests
  A bullfrog skeleton (D:4)
  3 orc wizards
  An iguana (D:8)
  3 worker ants
  Terence (D:3)
  A killer bee zombie (D:5)
  2 hound zombies (D:6)
  4 gnolls (D:4)
  7 adders
  A shadow imp (D:5)
  2 oozes
  An adder skeleton (D:4)
  4 worms
  A dart slug (D:2)
  A leopard gecko (D:2)
  18 orcs
  4 ball pythons
  2 bats
  4 giant cockroaches
  2 goblins (D:1)
  8 hobgoblins
  11 jackals
  14 kobolds
  6 quokkas
  4 frilled lizards
  A jackal skeleton (D:5)
  4 rats
146 creatures vanquished.

Notes
Turn   | Place    | Note
-------+----------+-------------------------------------------
     0 | D:1      | Leeroy the Skeleton Reaver began the quest for the Orb.
     0 | D:1      | Reached XP level 1. HP: 14/14 MP: 4/4
   105 | D:1      | Reached skill level 4 in Long Blades
   319 | D:1      | Reached XP level 2. HP: 18/19 MP: 4/6
  1184 | D:2      | Reached skill level 5 in Long Blades
  1193 | D:2      | Reached XP level 3. HP: 18/23 MP: 5/7
  1202 | D:2      | Reached skill level 1 in Slings
  1259 | D:2      | Reached * piety under Vehumet
  1259 | D:2      | Offered knowledge of Sting by Vehumet.
  1262 | D:2      | Learned a level 1 spell: Sting
  1723 | D:3      | Reached XP level 4. HP: 24/28 MP: 6/8
  1749 | D:3      | Noticed Sigmund
  1784 | D:2      | Reached skill level 6 in Long Blades
  2031 | D:3      | Reached XP level 5. HP: 17/32 MP: 4/9
  2268 | D:3      | Offered knowledge of Flame Tongue by Vehumet.
  2272 | D:3      | Learned a level 2 spell: Throw Frost
  2278 | D:3      | Learned a level 3 spell: Ozocubu's Armour
  2280 | D:3      | Learned a level 1 spell: Flame Tongue
  2363 | D:3      | Reached ** piety under Vehumet
  2419 | D:3      | Noticed Terence
  2432 | D:3      | Killed Terence
  2432 | D:3      | Reached skill level 7 in Long Blades
  2759 | D:4      | Noticed Eustachio
  3145 | D:4      | Reached skill level 1 in Ice Magic
  3448 | D:4      | Reached skill level 8 in Long Blades
  3448 | D:4      | Gained mutation: You regenerate a little health from kills.
                  | [Skeleton growth]
  3448 | D:4      | Reached XP level 6. HP: 25/37 MP: 6/10
  4082 | D:3      | Killed Sigmund
  4082 | D:3      | Reached skill level 9 in Long Blades
  4832 | D:4      | Reached XP level 7. HP: 41/41 MP: 9/11
  4837 | D:5      | Entered Level 5 of the Dungeon
  5109 | D:6      | Reached skill level 10 in Long Blades
  5123 | D:6      | Offered knowledge of Searing Ray by Vehumet.
  5127 | D:6      | Learned a level 2 spell: Searing Ray
  5248 | D:5      | Reached skill level 1 in Conjurations
  5619 | D:5      | Noticed a hippogriff
  5784 | D:6      | HP: 2/41 [hippogriff (3)]
  5785 | D:6      | Slain by a hippogriff
  5786 | D:6      | Reached XP level 6. HP: -2/37 MP: 0/10
  6010 | D:7      | Found a radiant altar of Vehumet.
  6010 | D:7      | Found a basalt altar of Yredelemnul.
  6013 | D:7      | Noticed a troll
  6107 | D:8      | Noticed a wyvern
  6120 | D:8      | Killed a wyvern
  6120 | D:8      | Reached XP level 7. HP: 4/41 MP: 2/11
  6287 | D:8      | Noticed a hungry ghost
  6303 | D:8      | Killed a hungry ghost
  6309 | D:8      | Noticed a hippogriff
  6361 | D:8      | Killed a hippogriff
  6361 | D:8      | Reached skill level 5 in Charms
  6642 | D:8      | Reached *** piety under Vehumet
  6642 | D:8      | Reached XP level 8. HP: 31/46 MP: 8/12
  7220 | D:6      | HP: 2/46 [orc warrior/+0 dire flail (10)]
  7221 | D:6      | Mangled by an orc warrior
  7222 | D:6      | Reached XP level 7. HP: -13/41 MP: 0/11
  7307 | D:6      | Found a staircase to the Ecumenical Temple.
  7317 | Temple   | Entered the Ecumenical Temple
  7424 | D:6      | Reached skill level 5 in Dodging
  7633 | D:6      | Found Raucvaen's Gadget Shoppe.
  7989 | D:6      | Killed a hippogriff
  8122 | D:5      | Reached XP level 8. HP: 10/46 MP: 7/12
  8858 | D:5      | Reached skill level 1 in Armour
  8970 | D:4      | Offered knowledge of Ignite Poison by Vehumet.
  9648 | D:7      | Noticed a troll
  9666 | D:6      | Reached skill level 1 in Evocations
 10317 | D:9      | Found a transporter.
 10361 | D:9      | Reached skill level 5 in Armour
 10433 | D:9      | Noticed a two-headed ogre
 10547 | D:9      | Reached XP level 9. HP: 27/50 MP: 8/13
 10696 | D:9      | Noticed a yaktaur
 10789 | D:9      | Mangled by a yaktaur

Skill      XL: |  1  2  3  4  5  6  7  8 |
---------------+-------------------------+-----
Long Blades    | 4 5 6 8 9 10 | 10.2
Slings         | 1 |  1.2
Ice Magic      | 1 |  1.1
Conjurations   | 3 1 |  3.2
Charms         | 2 5 |  5.4
Dodging        | 6 7 |  7.1
Armour         | 5 |  5.7
Evocations     | 1 |  1.0
Fighting       | |  3.0
Spellcasting   | |  3.0

Action                   |  1- 3 |  4- 6 |  7- 9 || total
-------------------------+-------+-------+-------++-------
Melee: Long sword        |   110 |   221 |   349 ||   680
       Hunting sling     |       |     1 |       ||     1
 Fire: Hunting sling     |    49 |    13 |       ||    62
Throw: Stone             |       |     2 |     1 ||     3
 Cast: Sting             |       |    28 |    68 ||    96
       Throw Frost       |       |     4 |    12 ||    16
       Flame Tongue      |       |     1 |       ||     1
       Ozocubu's Armour  |       |       |     9 ||     9
       Searing Ray       |       |       |     3 ||     3
  Use: Scroll            |       |     5 |     6 ||    11
 Stab: Sleeping          |       |       |     1 ||     1
Armor: Steam dragon scal |    49 |    48 |   114 ||   211
Dodge: Dodged            |    63 |   147 |   274 ||   484
       Deflected         |     1 |       |    10 ||    11
Block: Other             |     2 |     4 |    24 ||    30
